 Dungeon Crawl Stone Soup version 0.30.0-17-ge0270778cf (webtiles) character file.

Game seed: 17952447302757946766

3850 buriedalive the Nimble (level 9, -3/41 (45) HPs)
             Began as a Deep Elf Ice Elementalist on May 22, 2023.
             Was a Priest of Vehumet.
             Slain by a two-headed ogre
             ... wielding a +0 giant club
              (21 damage)
             ... on level 8 of the Dungeon.
             The game lasted 00:25:42 (9218 turns).

buriedalive the Nimble (Deep Elf Ice Elementalist)  Turns: 9218, Time: 00:25:43

HP:   -3/41 (45)    AC: 25    Str:  5    XL:     9   Next: 98%
MP:   8/18          EV: 17    Int: 25    God:    Vehumet [***...]
Gold: 363           SH:  0    Dex: 15    Spells: 3/18 levels left

rFire   . . .        l - +3 dagger (elec)
rCold   + + .        (no shield)
rNeg    . . .        t - +2 robe {rC+ rF+}
rPois   .            j - +2 helmet
rElec   .            m - +1 cloak
rCorr   .            f - +1 pair of gloves
SInv    .            (no boots)
Will    .....        y - amulet of faith
Stlth   ++           x - +4 ring of protection
HPRegen 0.26/turn    p - ring of ice
MPRegen 0.16/turn

%: faith
@: ice-armoured, freezing walls, drained
A: no striking features
a: Renounce Religion


You were on level 8 of the Dungeon.
You worshipped Vehumet.
Vehumet was most pleased with you.
You visited 2 branches of the dungeon, and saw 9 of its levels.
You also visited: Ossuary.

You collected 363 gold pieces.

Inventory:

Hand Weapons
 d - a +3 whip of draining
 l - a +3 dagger of electrocution (weapon)
Missiles
 e - 35 poisoned darts
 g - 92 stones
Armour
 f - a +1 pair of gloves (worn)
 j - a +2 helmet (worn)
 m - a +1 cloak (worn)
 t - a +2 robe of resistance (worn)
Magical Staves
 B - a staff of death
Jewellery
 i - the ring of Fint {Fly rC+ rN+ Int-4 Dex+7}
   (You found it on level 3 of the Dungeon)

   [ring of flight]

   Int:       It affects your intelligence (-4).
   Dex:       It affects your dexterity (+7).
   rC:        It protects you from cold.
   rN:        It protects you from negative energy.
   Fly:       It grants you flight.
 p - a ring of ice (right hand)
 u - a ring of see invisible
 x - a +4 ring of protection (left hand)
 y - an amulet of faith (around neck)
 C - a ring of poison resistance
 H - a ring of wizardry
Wands
 c - a wand of flame (6)
 k - a wand of quicksilver (2)
 A - a wand of roots (10)
Scrolls
 n - 3 scrolls of teleportation
 q - 9 scrolls of fog
 D - a scroll of immolation
 F - a scroll of silence {unknown}
 G - a scroll of fear {unknown}
Potions
 a - a potion of haste
 b - 6 potions of curing
 h - 2 potions of magic
 r - a potion of resistance
 s - 2 potions of ambrosia
 v - a potion of might
 w - 2 potions of berserk rage
 z - 2 potions of cancellation
 E - a potion of brilliance


   Skills:
 + Level 10.9 Dodging
 - Level 2.4 Stealth
 - Level 5.0 Spellcasting
 + Level 2.3 Conjurations
 - Level 6.0 Summonings
 + Level 10.7 Ice Magic


You had 3 spell levels left.
You knew the following spells:

 Your Spells              Type           Power      Damage    Failure   Level
a - Freeze                Ice            100%       1d10      1%          1
b - Ozocubu's Armour      Ice            74%        N/A       1%          3
c - Frozen Ramparts       Ice            100%       1d16      1%          3
d - Summon Ice Beast      Ice/Summ       64%        N/A       2%          4
e - Magic Dart            Conj           68%        1d6       1%          1
f - Hailstorm             Conj/Ice       55%        3d12      1%          3

Your spell library contained the following spells:

 Spells                   Type           Power      Damage    Failure   Level
 Summon Small Mammal      Summ           100%       N/A       1%          1
 Ensorcelled Hibernation  Hex/Ice        98%        N/A       1%          2
 Call Canine Familiar     Summ           36%        N/A       1%          3
 Scorch                   Fire           12%        2d5       3%          2
 Ignite Poison            Fire/Tmut/Pois 6%         N/A       7%          3
 Summon Guardian Golem    Hex/Summ       21%        N/A       7%          3
 Apportation              Tloc           12%        N/A       9%          1
 Necrotise                Necr           24%        1d5       9%          1
 Cigotuvi's Dreadful Rot  Necr/Pois/Air  12%        N/A       12%         2
 Passwall                 Tmut/Erth      5%         N/A       12%         2
 Swiftness                Air            6%         N/A       24%         3
 Freezing Cloud           Conj/Ice/Air   21%        6-21      11%         5
 Flame Wave               Conj/Fire      12%        2d6       13%         4
 Lee's Rapid Deconstruct  Erth           3%         3d5*      47%         5
 Leda's Liquefaction      Hex/Erth       3%         N/A       63%         4
 Summon Cactus Giant      Summ           18%        N/A       71%         6
 Statue Form              Tmut/Erth      4%         N/A       100%        6


Dungeon Overview and Level Annotations

Branches:
Dungeon (8/15)             Temple (1/1) D:5         Ossuary (visited)
   Lair: D:8-11

Altars:
Ashenzari
Cheibriados
Dithmenos
Elyvilon
Fedhas
Hepliaklqana
Kikubaaqudgha
Nemelex Xobeh
Okawaru
Qazlal
Ru
Uskayaw
Vehumet
Wu Jian
Xom
Yredelemnul
Zin
The Shining One

Shops:
D:2 ??[   D:8 :

Annotations:
D:8 1 runed translucent door, exclusion: orange crystal statue


Message History

You start resting.
Magic restored.
You start resting.
HP restored.
You start waiting.
Your ice beast disappears in a puff of smoke!
Done waiting.
Things that are here:
a +3 halberd of freezing; a +0 robe
Found a leather armour.
b - 6 potions of curing (gained 1)
You enter the shallow water.
Moving in this stuff is going to be slow.
Things that are here:
a +5 great sword of freezing; a +0 robe
There is an open door, spattered with blood here.
You start waiting.
A two-headed ogre is nearby!
Casting: Summon Ice Beast (dangerous; 2% risk of failure)
Confirm with . or Enter, or press ? or * to list all spells.
Casting: Frozen Ramparts (safe; 1% risk of failure)
Press: ? - help, Dir - look around, f - activate An open door, spattered with blood.
You feel a surge of power!
The walls around you are covered in ice.
The two-headed ogre shouts in stereo!
The wall freezes the two-headed ogre.
The two-headed ogre barely misses you.
The two-headed ogre hits you with a +0 giant club!!
Ouch! That really hurt!
Casting: Frozen Ramparts (safe; 1% risk of failure)
Confirm with . or Enter, or press ? or * to list all spells.
You feel a surge of power! A film of ice covers your body!
Unknown command.
Casting: Ozocubu's Armour (safe; 1% risk of failure)
Confirm with . or Enter, or press ? or * to list all spells.
You feel a surge of power! A chill wind blows around you.
The wall freezes the two-headed ogre.
The two-headed ogre hits you with a +0 giant club!!
Ouch! That really hurt!
You die...

#.#######.##...##....#########.
#.).......P~P♣..+..............
...##....P...~..#............#.
...##.....~~~♣..#..##........+.
.....##...#'#..##.#..##........#.
.....................##........#.
...........!.........######......
..............###Y...######......
.....##'#......)@....##...#......
....../........##O...#.....###'##
#..............#.....#.....# #...
...............#....##.....# ....
...............#....##.....#....#
.###.........#.....###.....#.#..#
####...............# #.....#.#..#
..........?........# ......# #
........<...####+#..+......# .


You could see a two-headed ogre (ally target) and a friendly ice beast
(summoned).

Vanquished Creatures
  A hornet (D:8)
  A wyvern (D:8)
  2 steam dragons
  An acid dragon (D:8)
  A water moccasin (D:7)
  2 sky beasts (D:7)
  A black bear (D:5)
  2 ogres
  A centaur (D:6)
  3 phantoms
  2 elf zombies (Ossuary)
  2 kobold brigands
  A bullfrog (D:8)
  2 scorpions (D:4)
  5 wights
  3 howler monkeys (D:7)
  4 hounds
  6 jellies
  2 human zombies (Ossuary)
  4 orc priests
  6 orc wizards
  Ijyb (D:3)
  4 iguanas
  Natasha (thrice) (D:3)
  2 sleepcaps
  2 hound zombies (Ossuary)
  4 mummies (Ossuary)
  13 gnolls
  8 adders
  A shadow imp (D:8)
  2 white imps
  3 ufetubi
  An adder zombie (Ossuary)
  A worm (D:3)
  A dart slug (D:4)
  22 orcs
  9 ball pythons
  5 bats
  19 endoplasms
  4 giant cockroaches
  A gnoll zombie (Ossuary)
  5 hobgoblins
  6 jackals (D:1)
  3 quokkas
  A frilled lizard (D:1)
  8 goblins
  2 goblin zombies (Ossuary)
  24 kobolds
  A kobold zombie (Ossuary)
  An orc zombie (Ossuary)
  5 rats
214 creatures vanquished.

Vanquished Creatures (collateral kills)
  2 wights (D:8)
2 creatures vanquished.

Vanquished Creatures (others)
  A howler monkey (D:6)
  An orc (D:6)
2 creatures vanquished.

Grand Total: 218 creatures vanquished

Notes
Turn   | Place    | Note
-------+----------+-------------------------------------------
     0 | D:1      | buriedalive the Deep Elf Ice Elementalist began the quest
                  | for the Orb.
     0 | D:1      | Reached XP level 1. HP: 10/10 MP: 6/6
   133 | D:1      | Reached XP level 2. HP: 15/15 MP: 2/8
   566 | D:1      | Reached XP level 3. HP: 19/19 MP: 8/10
  1310 | D:2      | Found a blossoming altar of Fedhas.
  1325 | D:2      | Reached skill level 5 in Ice Magic
  1392 | D:2      | Found Xurryg's Magic Scroll Emporium.
  1485 | D:2      | Found Dewy's Antique Armour Emporium.
  1531 | D:2      | Reached XP level 4. HP: 24/24 MP: 12/12
  1535 | D:2      | Learned a level 3 spell: Ozocubu's Armour
  1539 | D:2      | Learned a level 3 spell: Frozen Ramparts
  1544 | D:2      | Learned a level 4 spell: Summon Ice Beast
  1772 | D:2      | Found Saitos's Magic Scroll Shop.
  2054 | D:3      | Noticed Natasha
  2065 | D:3      | Killed Natasha
  2067 | D:3      | Reached XP level 5. HP: 25/28 MP: 5/14
  2070 | D:3      | Noticed Natasha
  2098 | D:3      | Killed Natasha
  2113 | D:3      | Noticed Natasha
  2125 | D:3      | Killed Natasha
  2126 | D:3      | Reached skill level 5 in Spellcasting
  2326 | D:3      | Noticed a phantom
  2364 | D:3      | Killed a phantom
  2365 | D:3      | Reached skill level 5 in Dodging
  2365 | D:3      | Reached XP level 6. HP: 15/32 MP: 6/15
  2465 | D:3      | Found a faded altar of an unknown god.
  2506 | D:3      | Identified the ring of Fint {Fly rC+ rN+ Int-4 Dex+7}
  2586 | D:3      | Noticed Ijyb
  2616 | D:3      | Killed Ijyb
  3105 | D:3      | Found a hazy altar of Hepliaklqana.
  3716 | D:3      | Found a snail-covered altar of Cheibriados.
  3818 | D:4      | Reached XP level 7. HP: 36/36 MP: 12/16
  4215 | D:5      | Entered Level 5 of the Dungeon
  4396 | D:5      | Found a staircase to the Ecumenical Temple.
  4415 | Temple   | Entered the Ecumenical Temple
  4478 | Temple   | Became a worshipper of Vehumet
  4593 | D:5      | Found a sand-covered staircase.
  4598 | Ossuary  | Entered an ossuary
  4657 | Ossuary  | Reached XP level 8. HP: 37/41 MP: 7/17
  5200 | D:5      | Reached skill level 1 in Summonings
  5253 | D:5      | Reached * piety under Vehumet
  5253 | D:5      | Offered knowledge of Magic Dart by Vehumet.
  5290 | D:5      | Learned a level 1 spell: Magic Dart
  6538 | D:6      | Reached XP level 9. HP: 26/44 MP: 7/18
  6702 | D:6      | Offered knowledge of Momentum Strike by Vehumet.
  6703 | D:6      | Reached ** piety under Vehumet
  7194 | D:7      | Found an ancient bone altar of Kikubaaqudgha.
  7690 | D:7      | Reached skill level 10 in Dodging
  7690 | D:7      | Reached skill level 5 in Summonings
  7744 | D:7      | Reached skill level 10 in Ice Magic
  7989 | D:7      | Found an iron altar of Okawaru.
  7991 | D:7      | Found a glowing silver altar of Zin.
  8304 | D:8      | Found a runed translucent door.
  8308 | D:8      | Found the +10 tower shield of Ignorance {rN+ Int-4}
  8312 | D:8      | Noticed an orange crystal statue
  8318 | D:8      | Offered knowledge of Hailstorm by Vehumet.
  8324 | D:8      | Learned a level 3 spell: Hailstorm
  8583 | D:8      | Found Ceneebit's Book Boutique.
  8623 | D:8      | Noticed a two-headed ogre
  8625 | D:8      | Reached *** piety under Vehumet
  8626 | D:8      | Reached skill level 1 in Conjurations
  9218 | D:8      | Slain by a two-headed ogre

Illustrated notes

Levels and vault maps discovered:
D:1:      saegor_arrival_simple_e, layout_rooms, minmay_hedge_maze
D:2:      layout_basic, serial_corexii_hall, chequers_hall_statues_wall_a,
          corexii_hall_statues_s, chequers_hall_statues_corner_a,
          chequers_hall_statues_y, serial_shops,
          nicolae_shop_pleasant_corner_grove, shop, nicolae_shop_waterfront,
          basic_altar
D:3:      cheibrodos_fertilizer, layout_rooms, mainiacjoe_overflow_alcove_2,
          old_standard_altar, ebering_ecumenical_altar_mist, uniq_natasha,
          uniq_ijyb
D:4:      layout_basic
D:5:      nicolae_cairo_tiling_large_dashed, layout_loops_cross,
          minmay_temple_entry_offerings, nicolae_ossuary_entry_false_entrances
D:6:      layout_basic, minmay_fractal_squares_diagonal_5
D:7:      layout_loops_ring, nicolae_overflow_hidden_temple
D:8:      layout_basic, nicolae_gozag_cash_rules_everything_around_me,
          serial_shops, nicolae_shop_competitors_out_of_business,
          serial_bayou_pond_e, nrook_campfire, chequers_guarded_unrand_ignorance
Temple:   nicolae_temple_bog_church

Skill      XL: |  1  2  3  4  5  6  7  8  9 |
---------------+----------------------------+-----
Dodging        | 3 4 5 6 7 9 10 | 10.9
Spellcasting   | 4 5 |  5.0
Ice Magic      | 5 6 8 9 10 | 10.7
Summonings     | 4 6 |  6.0
Conjurations   | 2 |  2.3
Stealth        | |  2.4

Action                     |  1- 3 |  4- 6 |  7- 9 || total
---------------------------+-------+-------+-------++-------
  Melee: Dagger            |    26 |    30 |   236 ||   292
         Whip              |    11 |    55 |       ||    66
         Punch             |     2 |     1 |     3 ||     6
         Unarmed           |       |       |     3 ||     3
   Cast: Freeze            |    51 |     5 |    18 ||    74
         Frozen Ramparts   |       |    21 |    51 ||    72
         Ozocubu's Armour  |       |     3 |    31 ||    34
         Summon Ice Beast  |       |       |     3 ||     3
  Evoke: Wand              |       |       |     1 ||     1
    Use: Potion            |     1 |     4 |     3 ||     8
         Scroll            |     2 |     5 |    16 ||    23
   Stab: Sleeping          |     3 |     3 |     4 ||    10
 Armour: Robe              |    13 |    17 |   125 ||   155
         Skin              |       |     6 |       ||     6
  Dodge: Dodged            |    49 |    62 |   260 ||   371
